 Dungeon Crawl Stone Soup version 0.18.1-50-g88ac8fd (console) character file.

767 Kloppie the Spear-Bearer (level 7, -6/58 HPs)
             Began as a Merfolk Berserker on Oct 9, 2016.
             Was a Priest of Trog.
             Mangled by an ogre
             ... wielding a +0 giant club
              (19 damage)
             ... on level 5 of the Dungeon.
             The game lasted 00:06:40 (3633 turns).

Kloppie the Spear-Bearer (Merfolk Berserker)        Turns: 3633, Time: 00:06:41

Health: -6/58      AC:  3    Str: 23    XL:     7   Next: 82%
Magic:  7/7        EV: 15    Int:  6    God:    Trog [***...]
Gold:   237        SH:  0    Dex: 15    Spells: 0 memorised, 6 levels left

rFire  . . .     SeeInvis .     a - +0 trident
rCold  . . .     Gourm    .     b - +0 animal skin
rNeg   . . .     Faith    .     (no shield)
rPois  .         Spirit   .     (no helmet)
rElec  .         Dismiss  .     (no cloak)
rCorr  .         Reflect  .     j - +0 pair of gloves
SustAt .         Harm     .     (no boots)
MR     .....                    (no amulet)
Stlth  +.........               (no ring)
                                (no ring)

@: mighty, exhausted, slowed, very slow, not resistant to hostile enchantments,
very unstealthy
A: change form in water, swift swim
a: Berserk, Trog's Hand, Burn Spellbooks, Renounce Religion


You were on level 5 of the Dungeon.
You worshipped Trog.
Trog was most pleased with you.
You were very hungry.

You visited 1 branch of the dungeon, and saw 5 of its levels.

You collected 237 gold pieces.

Inventory:

Hand Weapons
 a - a +0 trident (weapon)
 v - a +0 spear
Armour
 b - a +0 animal skin (worn)
 j - a +0 pair of gloves (worn)
Jewellery
 o - an uncursed ring of resist corrosion {unknown}
 r - an uncursed amulet of guardian spirit {unknown}
 t - an uncursed ring of see invisible {unknown}
Scrolls
 e - 2 scrolls of recharging {unknown}
 f - a scroll of immolation {unknown}
 g - a scroll of fear {unknown}
 i - 2 scrolls of identify
 l - a scroll of remove curse {unknown}
 u - a scroll of amnesia {unknown}
Potions
 d - 2 potions of heal wounds
 m - a potion of degeneration
 n - a potion of berserk rage
 p - 2 potions of mutation
 s - a potion of agility {unknown}
Books
 q - a book of Transfigurations

   Spells                             Type                      Level
   a - Irradiate                      Conjuration/Transmutation    5
   b - Statue Form                    Transmutation/Earth          6
   c - Hydra Form                     Transmutation                6
   d - Dragon Form                    Transmutation                7
   Trog disapproves of the use of such an item.
Comestibles
 c - 4 bread rations
 h - a slice of pizza
 w - a chunk of flesh


   Skills:
 - Level 6.0 Fighting
 + Level 9.1 Polearms
 - Level 1.3 Armour
 - Level 6.1 Dodging


You had 6 spell levels left.
You didn't know any spells.

Dungeon Overview and Level Annotations

Branches:
Dungeon (5/15)
 Temple: D:4-7

Altars:
Dithmenos
Makhleb
Vehumet


Message History

The ogre misses you.
You barely miss the ogre.
The ogre is heavily wounded.
The gnoll hits you from afar with a spear.
* * * LOW HITPOINT WARNING * * *
The kobold barely misses you. The ogre barely misses you.
The gnoll hits you from afar with a spear!
* * * LOW HITPOINT WARNING * * *
You puncture the ogre!
The ogre is almost dead.
The kobold barely misses you. The ogre misses you.
The gnoll completely misses you.
You completely miss the ogre.
The ogre is almost dead.
The kobold hits you.
* * * LOW HITPOINT WARNING * * *
The gnoll hits you from afar with a spear.
* * * LOW HITPOINT WARNING * * *
The kobold closely misses you. The ogre hits you with a giant club!!
You die...

######
######....#######
.................
########.....#
.........##@##
#######..#)OK# ##
##.....#[g.# ..#
#....(.+...####..#'#
#..#.#.#...'........ #
#....#.#...#))##'#.
..######..#.#.######)#
.....).........#...))#
..........###..#...#O#


You could see an ogre, a gnoll and a kobold.

Vanquished Creatures
  An ogre (D:5)
  The ghost of Thael the Firebug, an amateur DsFE (D:3)
  A centaur (D:5)
  A giant frog (D:3)
  A crimson imp (D:5)
  A hound (D:4)
  A giant frog skeleton (D:5)
  Ijyb (D:3)
  Jessica (D:3)
  2 worker ants (D:4)
  9 gnolls
  7 adders
  An ooze (D:3)
  An adder skeleton (D:5)
  2 worms
  3 dart slugs
  3 giant geckos
  5 orcs
  A ball python (D:1)
  4 giant cockroaches
  8 goblins
  19 hobgoblins
  3 jackals (D:4)
  13 kobolds
  3 quokkas
  3 bats
  7 giant newts
  6 rats
109 creatures vanquished.

Vanquished Creatures (others)
  2 goblins (D:5)
2 creatures vanquished.

Grand Total: 111 creatures vanquished

Notes
Turn   | Place    | Note
--------------------------------------------------------------
     0 | D:1      | Kloppie the Merfolk Berserker began the quest for the Orb.
     0 | D:1      | Reached XP level 1. HP: 18/18 MP: 1/1
   310 | D:1      | Reached XP level 2. HP: 22/24 MP: 2/2
   576 | D:1      | Reached XP level 3. HP: 30/30 MP: 3/3
   577 | D:1      | Reached skill level 5 in Polearms
   766 | D:1      | Reached ** piety under Trog
  1212 | D:2      | Reached XP level 4. HP: 35/37 MP: 4/4
  1611 | D:3      | Noticed Jessica
  1620 | D:3      | Killed Jessica
  1620 | D:3      | Reached XP level 5. HP: 27/43 MP: 5/5
  1670 | D:3      | Noticed Thael's ghost (amateur DsFE)
  1889 | D:3      | Killed Thael's ghost
  1889 | D:3      | Reached skill level 5 in Fighting
  1889 | D:3      | Reached skill level 6 in Polearms
  1889 | D:3      | Reached XP level 6. HP: 51/51 MP: 6/6
  1982 | D:3      | Reached skill level 5 in Dodging
  2108 | D:3      | Noticed Ijyb
  2119 | D:3      | Killed Ijyb
  2119 | D:3      | Reached skill level 7 in Polearms
  2294 | D:4      | Reached *** piety under Trog
  2356 | D:4      | Reached XP level 7. HP: 53/56 MP: 7/7
  2703 | D:4      | Found a shadowy altar of Dithmenos.
  3062 | D:5      | Entered Level 5 of the Dungeon
  3169 | D:5      | Reached skill level 8 in Polearms
  3239 | D:5      | Found a radiant altar of Vehumet.
  3240 | D:5      | Found a burning altar of Makhleb.
  3613 | D:5      | Reached skill level 9 in Polearms
  3633 | D:5      | Mangled by an ogre

Skill      XL: |  1  2  3  4  5  6  7 |
---------------+----------------------+-----
Dodging        | 3 4 5 6 |  6.1
Polearms       | 5 6 7 9 |  9.1
Fighting       | 4 5 6 |  6.0
Armour         | |  1.3

Action                   |  1- 3 |  4- 6 |  7- 9 || total
-------------------------+-------+-------+-------++-------
Melee: Spear             |   112 |   165 |   150 ||   427
       Trident           |       |       |    39 ||    39
Invok: Berserk           |     3 |     4 |     4 ||    11
       Trog's Hand       |       |       |     2 ||     2
  Use: Scroll            |       |       |     5 ||     5
       Potion            |       |       |     5 ||     5
 Stab: Sleeping          |     4 |     2 |     2 ||     8
  Eat: Chunk             |     3 |     9 |     2 ||    14
       Meat ration       |       |       |     1 ||     1
       Pizza             |       |       |     1 ||     1
Armor: Animal skin       |     5 |     8 |    16 ||    29
Dodge: Dodged            |    42 |    79 |   138 ||   259
